 Dungeon Crawl Stone Soup version 0.22.1-1-ga44c0e56f4 (webtiles) character file.

35 JedernureinKreuz the Conjurer (level 3, 0/26 HPs)
             Began as a Demigod Conjurer on Sept 23, 2018.
             Slain by Crazy Yiuf
             ... wielding a +3 quarterstaff of chaos
              (5 damage)
             ... on level 2 of the Dungeon.
             The game lasted 00:04:04 (1310 turns).

JedernureinKreuz the Conjurer (Demigod Conjurer)    Turns: 1310, Time: 00:04:05

Health: 0/26       AC:  2    Str: 11    XL:     3   Next: 4%
Magic:  0/8        EV: 13    Int: 21    God:
Gold:   56         SH:  0    Dex: 16    Spells: 5/6 levels left

rFire    . . .     SeeInvis .   n - +0 short sword
rCold    . . .     Gourm    .   (no shield)
rNeg     . . .     Faith    .   a - +0 robe
rPois    .         Spirit   .   (no helmet)
rElec    .         Reflect  .   (no cloak)
rCorr    .         Harm     .   (no gloves)
MR       .....                  (no boots)
Stlth    ++........             (no amulet)
HPRegen  0.08/turn              (no ring)
MPRegen  0.11/turn              (no ring)

@: no status effects
A: high mp 1
a: no special abilities


You were on level 2 of the Dungeon.
You were not hungry.

You visited 1 branch of the dungeon, and saw 2 of its levels.

You collected 56 gold pieces.

Inventory:

Hand Weapons
 b - a +0 dagger
 n - a +0 short sword (weapon)
Armour
 a - a +0 robe (worn)
Scrolls
 d - a scroll of teleportation {unknown}
 e - 2 scrolls of noise {unknown}
 g - a scroll of remove curse {unknown}
 h - 2 scrolls of fear {unknown}
 i - 3 scrolls of identify {unknown}
 j - a scroll of enchant weapon {unknown}
Potions
 f - a potion of heal wounds {unknown}
 k - a potion of curing {unknown}
 m - a potion of lignification {unknown}
 o - 2 potions of degeneration {unknown}
Comestibles
 c - 4 rations
 l - 3 chunks of flesh


   Skills:
 + Level 0.3 Short Blades
 + Level 2.2 Dodging
 + Level 2.2 Stealth
 + Level 2.1 Spellcasting
 + Level 3.8 Conjurations


You had 5 spell levels left.
You knew the following spells:

 Your Spells              Type           Power        Failure   Level  Hunger
a - Magic Dart            Conj           ###.         3%          1    #......

Your spell library contained the following spells:

 Spells                   Type           Power        Failure   Level  Hunger
 Searing Ray              Conj           ###...       4%          2    ##.....
 Dazzling Spray           Conj/Hex       ##....       21%         3    ###....
 Iskenderun's Mystic Bla  Conj           ###.....     30%         4    #####..
 Force Lance              Conj/Tloc      ##......     54%         4    #####..
 Fulminant Prism          Conj/Hex       ##........   54%         4    #####..


Dungeon Overview and Level Annotations

Branches:
Dungeon (2/15)

Annotations:
D:2 Crazy Yiuf, Sigmund


Innate Abilities, Weirdness & Mutations

You have an increased reservoir of magic. (+10% MP)


Message History

Crazy Yiuf is heavily wounded.
Crazy Yiuf whimpers, "Snurf ragdoll arm!"
Crazy Yiuf hits you with a quarterstaff of chaos!
Ouch! That really hurt!
You feel your power leaking away.
Casting: Magic Dart (safe; 3% risk of failure)
Confirm with . or Enter, or press ? or * to list all spells.
You don't have enough magic to cast that spell.
Unknown command.
You barely miss Crazy Yiuf.
Crazy Yiuf is heavily wounded.
Crazy Yiuf yells, "Peeping!"
Crazy Yiuf hits you with a quarterstaff of chaos.
* * * LOW HITPOINT WARNING * * *
Crazy Yiuf freezes you.
* * * LOW HITPOINT WARNING * * *
You hit Crazy Yiuf but do no damage.
Crazy Yiuf is heavily wounded.
Crazy Yiuf hits you with a quarterstaff of chaos.
You die...

.........###...........#
....####.#.###########.#
...## #...# #.# ...#
###.### ##### #.# ...#
#...# #..)# #.#
...###.### #...# #.#
...#...# ... #.#
...#.### ### #g# ###
.#...#####.# ♣♣@♣
......##...# ♣.♣♣
.......#.### ♣♣.♣
...........# ♣.♣♣
........#..# ♣♣.♣♣
.......###.# ♣...♣♣
.#.....###.# ♣....♣
##.........# #....#
...#######.####..##


You could see Crazy Yiuf.

Vanquished Creatures
  An adder (D:2)
  An ooze (D:1)
  A dart slug (D:2)
  A leopard gecko (D:1)
  2 giant cockroaches
  4 hobgoblins (D:1)
  2 kobolds (D:1)
  2 bats (D:1)
  4 frilled lizards
  2 rats
20 creatures vanquished.

Notes
Turn   | Place    | Note
-------+----------+-------------------------------------------
     0 | D:1      | JedernureinKreuz the Demigod Conjurer began the quest for
                  | the Orb.
     0 | D:1      | Reached XP level 1. HP: 14/14 MP: 5/5
   143 | D:1      | Reached XP level 2. HP: 15/20 MP: 5/7
  1084 | D:2      | Noticed Sigmund
  1198 | D:2      | Reached XP level 3. HP: 22/26 MP: 0/8
  1299 | D:2      | Found a runed door.
  1303 | D:2      | Noticed Crazy Yiuf
  1310 | D:2      | Slain by Crazy Yiuf

Skill      XL: |  1 |
---------------+----+-----
Dodging        | 2 |  2.2
Stealth        | 2 |  2.2
Spellcasting   | 2 |  2.1
Short Blades   | |  0.3
Conjurations   | |  3.8

Action                   || total
-------------------------++-------
Melee: Dagger            ||    29
       Short sword       ||     2
 Cast: Magic Dart        ||    40
 Stab: Sleeping          ||     1
  Eat: Chunk             ||     2
Armor: Robe              ||     1
Dodge: Dodged            ||    19
